 Dungeon Crawl Stone Soup version 0.19.0-2-gae57169 (webtiles) character file.

260 dobroeutro the Shooter (level 5, -7/47 HPs)
             Began as a Centaur Hunter on Nov 5, 2016.
             Shot with an arrow by a centaur (9 damage)
             ... on level 3 of the Dungeon.
             The game lasted 00:06:34 (4102 turns).

dobroeutro the Shooter (Centaur Hunter)             Turns: 4102, Time: 00:06:34

Health: -7/47      AC:  7    Str: 14    XL:     5   Next: 95%
Magic:  5/5        EV: 12    Int: 10    God:
Gold:   159        SH:  0    Dex: 11    Spells: 0 memorised, 4 levels left

rFire  . . .     SeeInvis .     a - +1 shortbow
rCold  + . .     Gourm    .     k - +1 leather armour {rC+}
rNeg   . . .     Faith    .     (shield currently unavailable)
rPois  .         Spirit   .     u - +0 helmet
rElec  .         Reflect  .     m - +0 cloak
rCorr  .         Harm     .     (no gloves)
MR     +....                    (no barding)
Stlth  +.........               n - amulet of inaccuracy (curse)
                                v - +3 ring of evasion
                                p - ring of protection from magic

@: very quick
A: hooves 3, deformed body, speed 2, tough skin 3
a: no special abilities


You were on level 3 of the Dungeon.
You were not hungry.

You visited 1 branch of the dungeon, and saw 3 of its levels.

You collected 159 gold pieces.

Inventory:

Hand Weapons
 a - a +1 shortbow (weapon)
 o - a +0 rapier
Missiles
 d - 26 arrows (quivered)
Armour
 k - a +1 leather armour of cold resistance (worn)
 m - a +0 cloak (worn)
 u - a +0 helmet (worn)
Jewellery
 n - a cursed amulet of inaccuracy (around neck)
 p - a ring of protection from magic (left hand)
 v - a +3 ring of evasion (right hand)
Scrolls
 l - 3 scrolls of teleportation
 q - a scroll of fear
 s - 2 scrolls of identify
Potions
 b - 2 potions of flight {unknown}
 e - a potion of magic {unknown}
 i - 2 potions of brilliance
 j - a potion of agility {unknown}
 t - a potion of cure mutation {unknown}
 w - a potion of degeneration {unknown}
Comestibles
 c - 8 chunks of flesh
 f - 2 bread rations
 g - a meat ration
 h - a slice of pizza


   Skills:
 + Level 4.5 Fighting
 + Level 7.7 Bows
 - Level 1.3 Dodging
 - Level 0.4 Stealth


You had 4 spell levels left.
You didn't know any spells.

Dungeon Overview and Level Annotations

Branches:
Dungeon (3/15)

Altars:
Vehumet
Zin


Innate Abilities, Weirdness & Mutations

You have hooves in place of feet.
Armour fits poorly on your strangely shaped body.
You cover ground very quickly.
You have extremely tough skin. (AC +3)


Message History

You shoot an arrow. The arrow misses the crimson imp.
The arrow hits the centaur.
The centaur is almost dead.
The crimson imp spits at you.
The crimson imp blinks!
A rat comes into view.
Firing (i - inventory):
d - 28 arrows (quivered)
Press: ? - help, Shift-Dir - straight line, f/p - centaur
Aim: a centaur, wielding a shortbow (almost dead)
You shoot an arrow. The arrow barely misses the centaur.
The centaur shoots an arrow.
The arrow hits you!
* * * LOW HITPOINT WARNING * * *
Firing (i - inventory):
d - 27 arrows (quivered)
Press: ? - help, Shift-Dir - straight line, f/p - centaur
Aim: a centaur, wielding a shortbow (almost dead)
You shoot an arrow.
The arrow hits the centaur but does no damage.
The centaur is almost dead.
The centaur shoots an arrow.
The arrow hits you!
You die...

.# #.#
.........##
.. # .5.(.
##.........
## .(r#
...<...#.##
...#
#####.###.#
(.# #.# ##.
.c#
##.###.#
#.# #..#.##
#.# #......
### #@#
#...###
##.###(#
#.#.#
##...##.#
#...#
#.......#
##.##
##...####
#)# ##.##
#.# #.# ###
#.# #.#
##.###.#
#.#
##...##.#


You could see a centaur, a crimson imp and a rat.

Vanquished Creatures
  A bullfrog (D:3)
  An orc priest (D:3)
  Ijyb (D:2)
  Robin (D:2)
  3 adders
  2 oozes
  2 worms
  A dart slug (D:2)
  2 leopard geckos
  3 orcs (D:3)
  2 giant cockroaches
  18 goblins
  10 hobgoblins
  9 jackals
  A quokka (D:2)
  8 bats
  3 frilled lizards
  7 kobolds
  10 rats
85 creatures vanquished.

Notes
Turn   | Place    | Note
-------+----------+-------------------------------------------
     0 | D:1      | dobroeutro the Centaur Hunter began the quest for the Orb.
     0 | D:1      | Reached XP level 1. HP: 17/17 MP: 1/1
   469 | D:1      | Reached XP level 2. HP: 21/25 MP: 2/2
  1181 | D:2      | Noticed Ijyb
  1210 | D:2      | Reached skill level 6 in Bows
  1210 | D:2      | Reached XP level 3. HP: 6/30 MP: 3/3
  1217 | D:2      | Killed Ijyb
  1849 | D:2      | Found a glowing silver altar of Zin.
  1849 | D:2      | Found a radiant altar of Vehumet.
  1874 | D:2      | Reached XP level 4. HP: 35/38 MP: 4/4
  2730 | D:3      | Noticed Robin
  3115 | D:2      | Killed Robin
  3449 | D:3      | Reached skill level 7 in Bows
  3455 | D:3      | Reached XP level 5. HP: 35/46 MP: 5/5
  4088 | D:3      | Noticed a centaur
  4098 | D:3      | HP: 2/47 [centaur/arrow (1)]
  4102 | D:3      | Shot with an arrow by a centaur

Skill      XL: |  1  2  3  4  5 |
---------------+----------------+-----
Bows           | 6 7 |  7.7
Fighting       | 3 4 |  4.5
Dodging        | |  1.3
Stealth        | |  0.4

Action                   |  1- 3 |  4- 6 || total
-------------------------+-------+-------++-------
Melee: Short sword       |   116 |       ||   116
       Kick              |    13 |    35 ||    48
       Rapier            |     8 |   245 ||   253
 Fire: Shortbow          |    25 |    55 ||    80
  Use: Scroll            |     2 |     3 ||     5
       Potion            |       |     1 ||     1
  Eat: Chunk             |     2 |     7 ||     9
Armor: Leather armour    |   102 |   150 ||   252
Dodge: Dodged            |   110 |   214 ||   324
